MID
PEORIA CHIEFS @ LAKEWOOD BLUECLAWS
08/03/2045
 
TOP OF THE 1ST
Peoria Chiefs batting - Pitching for Lakewood BlueClaws : RHP T.J. Gray
Pitching: RHP T.J. Gray
Batting: SHB Bobby O'Leary 0-0: SOLO HOME RUN (Flyball, 89XD, EV 98.8 MPH), Distance : 415 ft
Batting: RHB Joe Alley 0-0: Swinging Strike
0-1: Swinging Strike
0-2: Strikes out looking
Batting: LHB Ichiro Toyota 0-0: Ground out 6-3 (Groundball, 6, EV 83.1 MPH)
Batting: LHB Billy Guzman 0-0: Called Strike
0-1: Called Strike
0-2: Ball
1-2: Ground out 5-3 (Groundball, 56, EV 83.1 MPH)
Top of the 1st over - 1 run, 1 hit, 0 errors, 0 left on base; Peoria 1 - Lakewood 0
BOTTOM OF THE 1ST
Lakewood BlueClaws batting - Pitching for Peoria Chiefs : RHP Keith Anter
Pitching: RHP Keith Anter
Batting: RHB Chris Myers 0-0: Called Strike
0-1: Ball
1-1: Ball
2-1: Fly out, F6 (Flyball, 56D, EV 97.5 MPH)
Batting: LHB Jose Carlos 0-0: Ball
1-0: Ball
2-0: Called Strike
2-1: Ball
3-1: Foul Ball, location: 2F
3-2: Base on Balls
Batting: RHB Danny Krug 0-0: Called Strike
0-1: Ball
1-1: Ball
2-1: Grounds into double play, 3-6-1 (Groundball, 3, EV 89.4 MPH)
Bottom of the 1st over - 0 runs, 0 hits, 0 errors, 0 left on base; Peoria 1 - Lakewood 0
TOP OF THE 2ND
Peoria Chiefs batting - Pitching for Lakewood BlueClaws : RHP T.J. Gray
Batting: SHB Jason Kirby 0-0: Called Strike
0-1: Ball
1-1: Swinging Strike
1-2: Strikes out swinging
Batting: LHB Robert Rauda 0-0: Foul Ball, location: 2F
0-1: Ball
1-1: Ground out 6-3 (Groundball, 6, EV 108.8 MPH)
Batting: LHB Adam Eisen 0-0: Ball
1-0: Ball
2-0: Ball
3-0: Base on Balls
Batting: RHB Pat Scaturro 0-0: Fielders Choice at 2nd, 5-4 (Groundball, 56, EV 100.0 MPH)
Top of the 2nd over - 0 runs, 0 hits, 0 errors, 1 left on base; Peoria 1 - Lakewood 0
BOTTOM OF THE 2ND
Lakewood BlueClaws batting - Pitching for Peoria Chiefs : RHP Keith Anter
Batting: LHB Josh George 0-0: Foul Ball, location: 2F
0-1: Called Strike
0-2: Foul Ball, location: 2F
0-2: Ball
1-2: Foul Ball, location: 2F
1-2: Ball
2-2: Ball
3-2: Base on Balls
Batting: RHB Matt McDevitt 0-0: Called Strike
0-1: Ball
1-1: Fielders Choice at 2nd, 4-6 (Groundball, 4, EV 103.1 MPH)
Batting: RHB Victor Arroyo 0-0: Ball
1-0: Swinging Strike
1-1: Called Strike
1-2: Foul Ball, location: 2F
1-2: Ball
2-2: Ball
3-2: Base on Balls
Matt McDevitt to second
Batting: RHB Prabhukumar Santhanakrishnan 0-0: Ball
1-0: Ball
2-0: Swinging Strike
2-1: Fly out, F7 (Flyball, 7S, EV 87.5 MPH)
Batting: RHB Gary Hills 0-0: Ball
1-0: Ball
2-0: Foul Ball, location: 2F
2-1: Fielders Choice at 2nd, 6-4 (Groundball, 6, EV 103.1 MPH)
Bottom of the 2nd over - 0 runs, 0 hits, 0 errors, 2 left on base; Peoria 1 - Lakewood 0
TOP OF THE 3RD
Peoria Chiefs batting - Pitching for Lakewood BlueClaws : RHP T.J. Gray
Batting: RHB Mario Mendoza 0-0: Called Strike
0-1: Ball
1-1: Swinging Strike
1-2: Ball
2-2: Ball
3-2: Fly out, F9 (Flyball, 9D, EV 89.4 MPH)
Batting: SHB Bobby O'Leary 0-0: Swinging Strike
0-1: Ball
1-1: Ground out 6-3 (Groundball, 6, EV 80.0 MPH)
Batting: RHB Joe Alley 0-0: Called Strike
0-1: Ball
1-1: Ball
2-1: Foul Ball, location: 2F
2-2: Ball
3-2: Base on Balls
Batting: LHB Ichiro Toyota 0-0: Fielders Choice at 2nd, 5-4 (Groundball, 56, EV 85.6 MPH)
Top of the 3rd over - 0 runs, 0 hits, 0 errors, 1 left on base; Peoria 1 - Lakewood 0
BOTTOM OF THE 3RD
Lakewood BlueClaws batting - Pitching for Peoria Chiefs : RHP Keith Anter
Batting: RHB Pedro Mata 0-0: Ball
1-0: Ground out 4-3 (Groundball, 4, EV 90.0 MPH)
Batting: RHB Chris Myers 0-0: Called Strike
0-1: Ball
1-1: Ball
2-1: Ball
3-1: Base on Balls
Batting: LHB Jose Carlos 0-0: Ball
1-0: Ball
Chris Myers steals 2nd base
2-0: Foul Ball, location: 2F
2-1: SINGLE (Line Drive, 56, EV 95.0 MPH)
Chris Myers to third
Batting: RHB Danny Krug 0-0: Ball
1-0: Foul Ball, location: 2F
1-1: Called Strike
1-2: Strikes out looking
Batting: LHB Josh George 0-0: Called Strike
0-1: Ball
1-1: Foul Ball, location: 2F
1-2: SINGLE (Groundball, 34S, EV 70.0 MPH) (infield hit)
Chris Myers scores
Jose Carlos to second
Batting: RHB Matt McDevitt 0-0: Called Strike
0-1: Swinging Strike
0-2: Foul Ball, location: 2F
0-2: Ball
1-2: Strikes out looking
Bottom of the 3rd over - 1 run, 2 hits, 0 errors, 2 left on base; Peoria 1 - Lakewood 1
TOP OF THE 4TH
Peoria Chiefs batting - Pitching for Lakewood BlueClaws : RHP T.J. Gray
Batting: LHB Billy Guzman 0-0: Called Strike
0-1: Ball
1-1: SINGLE (Groundball, 4D, EV 96.9 MPH)
Batting: SHB Jason Kirby 0-0: Ball
1-0: Ball
2-0: Foul Ball, location: 2F
2-1: Swinging Strike
2-2: Ball
3-2: Foul Ball, location: 2F
3-2: Foul Ball, location: 2F
3-2: Fly out, F5 (Popup, 56, EV 72.5 MPH)
Batting: LHB Robert Rauda 0-0: Ball
1-0: SINGLE (Groundball, 56D, EV 106.2 MPH)
Billy Guzman to second
Batting: LHB Adam Eisen 0-0: Called Strike
0-1: Foul Ball, location: 2F
0-2: Ball
1-2: Reached on error, E3 (Groundball, 3, EV 104.4 MPH)
Billy Guzman to third
Robert Rauda to second
Batting: RHB Pat Scaturro 0-0: Ball
1-0: Ball
2-0: Foul Ball, location: 2F
2-1: Called Strike
2-2: Ball
3-2: Foul Ball, location: 2F
3-2: Base on Balls
Billy Guzman scores
Robert Rauda to third
Adam Eisen to second
Batting: RHB Mario Mendoza 0-0: Called Strike
0-1: Ball
1-1: Ball
2-1: Ball
3-1: Base on Balls
Robert Rauda scores
Adam Eisen to third
Pat Scaturro to second
Batting: SHB Bobby O'Leary 0-0: Fly out, F7 (Flyball, 7, EV 94.4 MPH)
Batting: RHB Joe Alley 0-0: Called Strike
0-1: Ball
1-1: Foul Ball, location: 2F
1-2: Foul Ball, location: 2F
1-2: Ball
2-2: Strikes out looking
Top of the 4th over - 2 runs, 2 hits, 1 error, 3 left on base; Peoria 3 - Lakewood 1
BOTTOM OF THE 4TH
Lakewood BlueClaws batting - Pitching for Peoria Chiefs : RHP Keith Anter
Batting: RHB Victor Arroyo 0-0: Ball
1-0: Foul Ball, location: 2F
1-1: Ball
2-1: Foul Ball, location: 2F
2-2: Ball
3-2: Foul Ball, location: 2F
3-2: Strikes out looking
Batting: RHB Prabhukumar Santhanakrishnan 0-0: Called Strike
0-1: Foul Ball, location: 2F
0-2: Strikes out swinging
Batting: RHB Gary Hills 0-0: Called Strike
0-1: Called Strike
0-2: Ball
1-2: Strikes out looking
Bottom of the 4th over - 0 runs, 0 hits, 0 errors, 0 left on base; Peoria 3 - Lakewood 1
TOP OF THE 5TH
Peoria Chiefs batting - Pitching for Lakewood BlueClaws : RHP T.J. Gray
Batting: LHB Ichiro Toyota 0-0: DOUBLE (Flyball, 7LM, EV 101.2 MPH)
Batting: LHB Billy Guzman 0-0: Ball
1-0: Fly out, F5 (Popup, 56, EV 70.0 MPH)
Pitching: LHP Gabe Benitez
Batting: SHB Jason Kirby 0-0: Ball
Ichiro Toyota steals 3rd base
1-0: Ball
2-0: DOUBLE (Flyball, 89D, EV 98.1 MPH)
Ichiro Toyota scores
Batting: LHB Robert Rauda 0-0: Ground out 5-3 (Groundball, 56, EV 99.4 MPH)
Batting: LHB Adam Eisen 0-0: Ball
1-0: Foul Ball, location: 2F
1-1: Ground out 6-3 (Groundball, 6, EV 86.2 MPH)
Top of the 5th over - 1 run, 2 hits, 0 errors, 1 left on base; Peoria 4 - Lakewood 1
BOTTOM OF THE 5TH
Lakewood BlueClaws batting - Pitching for Peoria Chiefs : RHP Keith Anter
Pitching: RHP Steve Barnett
Batting: RHB Pedro Mata 0-0: Fly out, F7 (Flyball, 78S, EV 90.6 MPH)
Batting: RHB Chris Myers 0-0: Called Strike
0-1: Ball
1-1: Ground out 5-3 (Groundball, 56, EV 97.5 MPH)
Batting: LHB Jose Carlos 0-0: Swinging Strike
0-1: Ball
1-1: Called Strike
1-2: Ball
2-2: Ball
3-2: Fly out, F7 (Flyball, 7D, EV 108.1 MPH)
Bottom of the 5th over - 0 runs, 0 hits, 0 errors, 0 left on base; Peoria 4 - Lakewood 1
TOP OF THE 6TH
Peoria Chiefs batting - Pitching for Lakewood BlueClaws : LHP Gabe Benitez
Batting: RHB Pat Scaturro 0-0: Called Strike
0-1: Called Strike
0-2: Ball
1-2: Ground out 6-3 (Groundball, 6M, EV 100.0 MPH)
Batting: RHB Mario Mendoza 0-0: Foul Ball, location: 2F
0-1: Foul Ball, location: 2F
0-2: Ground out 6-3 (Groundball, 6MD, EV 86.2 MPH)
Batting: SHB Bobby O'Leary 0-0: Ball
1-0: Bunt for hit to 23 - play at first, batter safe!
Batting: RHB Joe Alley 0-0: Foul Ball, location: 2F
0-1: SINGLE (Line Drive, 34D, EV 105.6 MPH)
Bobby O'Leary to second
Batting: LHB Ichiro Toyota 0-0: Swinging Strike
0-1: Foul Ball, location: 2F
0-2: Fly out, F6 (Flyball, 56D, EV 89.4 MPH)
Top of the 6th over - 0 runs, 2 hits, 0 errors, 2 left on base; Peoria 4 - Lakewood 1
BOTTOM OF THE 6TH
Lakewood BlueClaws batting - Pitching for Peoria Chiefs : RHP Steve Barnett
Batting: RHB Danny Krug 0-0: Ball
1-0: Ground out 6-3 (Groundball, 6, EV 81.2 MPH)
Batting: LHB Josh George 0-0: Called Strike
0-1: Called Strike
0-2: Ball
1-2: Foul Ball, location: 2F
1-2: Foul Ball, location: 2F
1-2: Ball
2-2: Ball
3-2: Ground out 6-3 (Groundball, 6, EV 85.0 MPH)
Batting: RHB Matt McDevitt 0-0: DOUBLE (Flyball, 3D, EV 91.9 MPH)
Batting: RHB Victor Arroyo 0-0: Ball
1-0: Ball
2-0: Foul Ball, location: 2F
2-1: Called Strike
2-2: Ball
3-2: Ground out 6-3 (Groundball, 6, EV 108.8 MPH)
Bottom of the 6th over - 0 runs, 1 hit, 0 errors, 1 left on base; Peoria 4 - Lakewood 1
TOP OF THE 7TH
Peoria Chiefs batting - Pitching for Lakewood BlueClaws : LHP Gabe Benitez
Batting: LHB Billy Guzman 0-0: Ground out 4-3 (Groundball, 4, EV 80.6 MPH)
Batting: SHB Jason Kirby 0-0: Called Strike
0-1: SOLO HOME RUN (Flyball, 9LD, EV 93.8 MPH), Distance : 332 ft
Batting: LHB Robert Rauda 0-0: Foul Ball, location: 2F
0-1: Ball
1-1: Called Strike
1-2: Fly out, F7 (Line Drive, 7, EV 86.9 MPH)
Batting: LHB Adam Eisen 0-0: Called Strike
0-1: Ball
1-1: Ball
2-1: Foul Ball, location: 2F
2-2: Ball
3-2: Base on Balls
Batting: RHB Pat Scaturro 0-0: Ground out U3 (Groundball, 13, EV 81.9 MPH)
Top of the 7th over - 1 run, 1 hit, 0 errors, 1 left on base; Peoria 5 - Lakewood 1
BOTTOM OF THE 7TH
Lakewood BlueClaws batting - Pitching for Peoria Chiefs : RHP Steve Barnett
Pitching: RHP Asao Saito
Batting: RHB Prabhukumar Santhanakrishnan 0-0: Fly out, F8 (Flyball, 89M, EV 93.8 MPH)
Batting: RHB Gary Hills 0-0: Foul Ball, location: 2F
0-1: Swinging Strike
0-2: SINGLE (Flyball, 3D, EV 86.2 MPH)
Batting: RHB Pedro Mata 0-0: SINGLE (Groundball, 6, EV 93.8 MPH)
Gary Hills to second
Batting: RHB Chris Myers 0-0: Ball
1-0: Foul Ball, location: 2F
1-1: Fly out, F7 (Flyball, 78S, EV 91.9 MPH)
Batting: LHB Jose Carlos 0-0: Ball
1-0: Ball
2-0: Called Strike
2-1: Ball
3-1: Foul Ball, location: 2F
3-2: Base on Balls
Gary Hills to third
Pedro Mata to second
Batting: RHB Danny Krug 0-0: Swinging Strike
0-1: SINGLE (Groundball, 34D, EV 107.5 MPH)
Gary Hills scores
Pedro Mata to third
Jose Carlos to second
Runner from 3rd tries for Home, SAFE, throw by RF to home
Jose Carlos to third
Danny Krug to second
Pitching: LHP Heath Maher
Batting: LHB Josh George 0-0: Ball
1-0: Ball
2-0: Foul Ball, location: 2F
2-1: Swinging Strike
2-2: Strikes out looking
Bottom of the 7th over - 2 runs, 3 hits, 0 errors, 2 left on base; Peoria 5 - Lakewood 3
TOP OF THE 8TH
Peoria Chiefs batting - Pitching for Lakewood BlueClaws : LHP Gabe Benitez
Pitching: RHP Rome Corona
Batting: RHB Mario Mendoza 0-0: Ball
1-0: Foul Ball, location: 2F
1-1: Ball
2-1: Ball
3-1: Base on Balls
Batting: SHB Bobby O'Leary 0-0: Ball
1-0: Bunted foul
1-1: Ball
2-1: Ball
3-1: Bunted foul
3-2: Base on Balls
Mario Mendoza to second
Batting: RHB Joe Alley 0-0: Called Strike
0-1: Swinging Strike
0-2: Ball
1-2: Foul Ball, location: 2F
1-2: Fly out, F7 (Flyball, 7LS, EV 84.4 MPH)
Batting: LHB Ichiro Toyota 0-0: Ball
1-0: Ball
2-0: Foul Ball, location: 2F
2-1: Ball
3-1: Base on Balls
Mario Mendoza to third
Bobby O'Leary to second
Batting: LHB Billy Guzman 0-0: Ball
1-0: Ball
2-0: Ball
3-0: Called Strike
3-1: Foul Ball, location: 2F
3-2: Foul Ball, location: 2F
3-2: Foul Ball, location: 2F
3-2: Base on Balls
Mario Mendoza scores
Bobby O'Leary to third
Ichiro Toyota to second
Batting: SHB Jason Kirby 0-0: Ball
1-0: Ball
2-0: Called Strike
2-1: Called Strike
2-2: Foul Ball, location: 2F
2-2: Ball
3-2: Base on Balls
Bobby O'Leary scores
Ichiro Toyota to third
Billy Guzman to second
Batting: LHB Robert Rauda 0-0: SINGLE (Groundball, 4MS, EV 66.2 MPH) (infield hit)
Ichiro Toyota scores
Billy Guzman to third
Jason Kirby to second
Pitching: RHP Danny Zuniga
Batting: LHB Adam Eisen 0-0: Ball
1-0: Foul Ball, location: 2F
1-1: Foul Ball, location: 2F
1-2: Hit by Pitch
Billy Guzman scores
Jason Kirby to third
Robert Rauda to second
Batting: RHB Pat Scaturro 0-0: Ball
1-0: Called Strike
1-1: Foul Ball, location: 2F
1-2: Ball
2-2: Ball
3-2: Fly out, F8 (Line Drive, 8LM, EV 91.2 MPH)
Runner from 3rd tags up, SCORES, throw by CF
Batting: RHB Mario Mendoza 0-0: SINGLE (Groundball, 56S, EV 72.5 MPH) (infield hit)
Robert Rauda to third
Adam Eisen to second
Batting: SHB Bobby O'Leary 0-0: Foul Ball, location: 2F
0-1: Ball
1-1: Swinging Strike
1-2: Strikes out swinging
Top of the 8th over - 5 runs, 2 hits, 0 errors, 3 left on base; Peoria 10 - Lakewood 3
BOTTOM OF THE 8TH
Lakewood BlueClaws batting - Pitching for Peoria Chiefs : LHP Heath Maher
Pinch Hitting: LHB Tsuneharu Nishimura 0-0: Ball
1-0: Ball
2-0: Ball
3-0: Base on Balls
Batting: RHB Victor Arroyo 0-0: Ball
1-0: Fly out, F4 (Flyball, 34D, EV 88.8 MPH)
Batting: RHB Prabhukumar Santhanakrishnan 0-0: Called Strike
0-1: Ball
1-1: Foul Ball, location: 2F
1-2: Foul Ball, location: 2F
1-2: Fly out, F4 (Popup, 4D, EV 48.1 MPH)
Batting: RHB Gary Hills 0-0: Ball
1-0: Ball
2-0: Called Strike
2-1: Fly out, F7 (Flyball, 78S, EV 90.0 MPH)
Bottom of the 8th over - 0 runs, 0 hits, 0 errors, 1 left on base; Peoria 10 - Lakewood 3
TOP OF THE 9TH
Peoria Chiefs batting - Pitching for Lakewood BlueClaws : RHP Danny Zuniga
Pitching: RHP Roberto Ruiz
Now in LF: Tsuneharu Nishimura
Batting: RHB Joe Alley 0-0: Ball
1-0: Ball
2-0: Foul Ball, location: 2F
2-1: Ball
3-1: Called Strike
3-2: Foul Ball, location: 2F
3-2: Base on Balls
Batting: LHB Ichiro Toyota 0-0: Foul Ball, location: 2F
0-1: Foul Ball, location: 2F
0-2: Ball
1-2: Fielders Choice at 2nd, 6-4 (Groundball, 6, EV 84.4 MPH)
Batting: LHB Billy Guzman 0-0: Ball
1-0: Ball
2-0: Ball
3-0: Called Strike
3-1: Base on Balls
Ichiro Toyota to second
Batting: SHB Jason Kirby 0-0: Called Strike
0-1: Foul Ball, location: 2F
0-2: Strikes out swinging
Batting: LHB Robert Rauda 0-0: Called Strike
0-1: Foul Ball, location: 2F
0-2: Ball
1-2: Ball
2-2: SINGLE (Line Drive, 9S, EV 105.0 MPH)
Ichiro Toyota to third
Billy Guzman to second
Runner from 3rd tries for Home, SAFE, throw by RF to home
Batting: LHB Adam Eisen 0-0: Called Strike
0-1: Foul Ball, location: 2F
0-2: Ball
1-2: Foul Ball, location: 2F
1-2: Ball
2-2: Ball
3-2: Base on Balls
Billy Guzman to third
Robert Rauda to second
Batting: RHB Pat Scaturro 0-0: Ball
1-0: Foul Ball, location: 2F
1-1: SINGLE (Groundball, 56D, EV 101.9 MPH)
Billy Guzman scores
Robert Rauda to third
Adam Eisen to second
Runner from 3rd tries for Home, SAFE, throw by LF to home
Batting: RHB Mario Mendoza 0-0: Fly out, F2 (Popup, 3SF, EV 76.2 MPH)
Top of the 9th over - 3 runs, 2 hits, 0 errors, 2 left on base; Peoria 13 - Lakewood 3
BOTTOM OF THE 9TH
Lakewood BlueClaws batting - Pitching for Peoria Chiefs : LHP Heath Maher
Batting: RHB Pedro Mata 0-0: Called Strike
0-1: Ball
1-1: Called Strike
1-2: Ball
2-2: Ball
3-2: Strikes out looking
Pitching: RHP Andrew Ray
Batting: RHB Chris Myers 0-0: Ball
1-0: SINGLE (Groundball, 56D, EV 111.2 MPH)
Pinch Hitting: RHB Seung-mun Kim 0-0: Swinging Strike
0-1: Called Strike
0-2: Ball
1-2: Strikes out swinging
Batting: RHB Danny Krug 0-0: Fielders Choice at 2nd, 6-4 (Groundball, 6, EV 101.9 MPH)
Bottom of the 9th over - 0 runs, 1 hit, 0 errors, 1 left on base; Peoria 13 - Lakewood 3
Wednesday, June 22nd , 2022 - OOTP Baseball 23.4 Build 64